 Dungeon Crawl Stone Soup version 0.21.1-1-g345015fe64 (webtiles) character file.

7435 Gargoyl the Cleaver (level 10, -3/84 HPs)
             Began as a Centaur Abyssal Knight on Mar 27, 2018.
             Was an Elder of Lugonu.
             Slain by a two-headed ogre
             ... wielding a +0 giant club
              (7 damage)
             ... on level 10 of the Dungeon.
             The game lasted 00:21:56 (12328 turns).

Gargoyl the Cleaver (Centaur Abyssal Knight)       Turns: 12328, Time: 00:21:59

Health: -3/84      AC: 18    Str: 21    XL:     10   Next: 93%
Magic:  15/15      EV:  8    Int: 11    God:    Lugonu [****..]
Gold:   589        SH:  3    Dex: 12    Spells: 12/12 levels left

rFire    + . .     SeeInvis .   y - +3 war axe
rCold    + . .     Gourm    .   z - +0 buckler
rNeg     . . .     Faith    .   s - +3 scale mail of Absence {+Inv +Fly Str+4 Stlth+}
rPois    +         Spirit   .   (no helmet)
rElec    .         Reflect  .   l - scarf {rC+ rF+}
rCorr    .         Harm     .   o - +2 pair of gloves
MR       .....                  (no barding)
Stlth    +.........             (no amulet)
HPRegen  0.24/turn              m - ring of poison resistance
MPRegen  0.14/turn              (no ring)

@: lethally poisoned (-3 -> -5), very quick
A: large, hooves 3, icy blue scales 1, iridescent scales 1, deformed body, speed
2, strong 1, tough skin 3
a: Depart the Abyss, Bend Space, Banish, Corrupt, Renounce Religion, Evoke
Invisibility, Evoke Flight


You were on level 10 of the Dungeon.
You worshipped Lugonu.
Lugonu was greatly pleased with you.
You were hungry.

You visited 1 branch of the dungeon, and saw 10 of its levels.
You visited the Abyss 1 time.

You collected 749 gold pieces.
You spent 160 gold pieces at shops.

Inventory:

Hand Weapons
 a - a +2 hand axe
 v - a +4 hand axe
 y - a +3 war axe (weapon)
Missiles
 e - 12 tomahawks (quivered)
Armour
 l - a scarf of resistance (worn)
 o - a +2 pair of gloves (worn)
 s - the +3 scale mail of Absence (worn) {+Inv +Fly Str+4 Stlth+}
   (You found it on level 6 of the Dungeon)

   It affects your strength (+4).
   It lets you turn invisible.
   It lets you fly.
   It makes you more stealthy.
 z - a +0 buckler (worn)
Jewellery
 m - a ring of poison resistance (left hand)
Wands
 r - a wand of random effects (23)
 w - a wand of iceblast (21)
Scrolls
 b - 5 scrolls of identify
 i - a scroll of amnesia
 n - 2 scrolls of remove curse
 q - 3 scrolls of enchant weapon
 t - 2 scrolls of blinking
 u - a scroll of enchant armour
 x - 2 scrolls of teleportation
Potions
 d - a potion of experience
 f - 4 potions of curing
 g - 2 potions of lignification
 h - a potion of magic {unknown}
 j - 7 potions of heal wounds
 k - a potion of degeneration {unknown}
 p - 3 potions of cancellation {unknown}
 A - a potion of agility {unknown}
Comestibles
 c - 16 rations


   Skills:
 + Level 6.3 Fighting
 + Level 8.7 Axes
 + Level 2.4 Throwing
 * Level 7.2 Armour
 + Level 3.5 Dodging
 - Level 1.3 Stealth
 + Level 0.1 Shields
 - Level 2.1 Unarmed Combat
 - Level 1.5 Spellcasting
 * Level 7.5 Invocations


You had 12 spell levels left.
You didn't know any spells.

Dungeon Overview and Level Annotations

Branches:
Dungeon (10/15)            Temple (0/1) D:6
   Lair: D:8-11         Orc: D:9-12

Altars:
Cheibriados
Dithmenos
Elyvilon
Fedhas
Kikubaaqudgha
Makhleb
Nemelex Xobeh
Ru
Sif Muna
Trog
Wu Jian
Yredelemnul
Zin

Shops:
D:4 !

Annotations:
D:6 Prince Ribbit


Innate Abilities, Weirdness & Mutations

You have hooves in place of feet.
Armour fits poorly on your strangely shaped body.
You cover ground very quickly.
You have extremely tough skin. (AC +3)
You are partially covered in icy blue scales. (AC +2)
You are partially covered in iridescent scales. (AC +2)
Your muscles are strong. (Str +2)


Message History

The two-headed ogre is almost dead.
You completely miss the scorpion.
You feel sick.
The scorpion stings you but does no damage.
You block the two-headed ogre's attack.
The two-headed ogre hits you but does no damage.
Unknown command.
You barely miss the two-headed ogre.
The two-headed ogre is almost dead.
You hit the scorpion.
You feel sick. The scorpion closely misses you.
The two-headed ogre closely misses you.
The two-headed ogre hits you with a giant club!
* * * LOW HITPOINT WARNING * * *
You barely miss the two-headed ogre.
You kick the two-headed ogre, but do no damage.
The two-headed ogre is almost dead.
You closely miss the scorpion.
You feel sick.
The scorpion stings you but does no damage.
The two-headed ogre completely misses you.
The two-headed ogre hits you with a giant club!
You die...

#.......#...#..#........#
........#..#####....###.#
........#..#........# .#
.###'####..#.......(+ ##
.#.........#........# ..
.#.....##..#....#####...
.#.....##..#....#.......
##.........#....#.......
#..........#....@O......
##...####.##....#s.#####
##<..####.#.....#..#
#.......<.+.....#....
#.(..(.(.(#.....#.....
#.........#.....#.......
#.........#.....#.......
##+####.###.....########
#.#


You could see a two-headed ogre and a scorpion.

Vanquished Creatures
  2 two-headed ogres
  Pikel (D:7)
  Maurice (D:8)
  The ghost of BrokenGlass the Covert, a novice VSAs (D:7)
  The ghost of DildoBatman the Skirmisher, an amateur FoEn of Ashenzari (D:3)
  2 hippogriffs (D:8)
  A wyvern (D:8)
  A hungry ghost (D:9)
  A steam dragon (D:10)
  A water moccasin (D:8)
  4 orc warriors
  A slave (D:7)
  3 ice beasts
  A sky beast (D:9)
  A necrophage (D:7)
  An ogre (D:8)
  3 phantoms
  A centaur (D:10)
  3 bullfrogs
  3 big kobolds (D:7)
  Blork the orc (D:6)
  4 killer bees (D:8)
  3 scorpions
  5 wights (D:7)
  7 crimson imps
  2 centaur zombies
  4 hounds
  7 orc wizards
  A jelly (D:7)
  7 orc priests
  A bullfrog skeleton (D:4)
  7 worker ants
  An iguana (D:7)
  A killer bee zombie (D:5)
  A hound skeleton (D:9)
  2 worker ant zombies (D:8)
  8 adders
  4 gnolls (D:6)
  A howler monkey skeleton (D:5)
  5 shadow imps (D:9)
  A white imp (D:9)
  An adder skeleton (D:7)
  A worm (D:3)
  3 leopard geckos
  34 orcs
  4 bats
  5 giant cockroaches
  9 goblins
  3 hobgoblins (D:2)
  13 jackals
  3 quokkas
  2 ball pythons (D:4)
  2 frilled lizards
  17 kobolds
  A quokka skeleton (D:4)
  5 rats
209 creatures vanquished.

Vanquished Creatures (others)
  2 slaves (D:7)
  2 kobolds (D:7)
4 creatures vanquished.

Grand Total: 213 creatures vanquished

Notes
Turn   | Place    | Note
-------+----------+-------------------------------------------
     0 | Abyss:1  | Gargoyl the Centaur Abyssal Knight began the quest for the Orb.
     0 | Abyss:1  | Reached XP level 1. HP: 19/19 MP: 2/2
    43 | Abyss:2  | Noticed a ynoxinul
    44 | Abyss:2  | Reached skill level 2 in Axes
    44 | Abyss:2  | Reached skill level 1 in Dodging
    44 | Abyss:2  | Reached skill level 1 in Stealth
    44 | Abyss:2  | Reached skill level 1 in Spellcasting
    44 | Abyss:2  | Reached XP level 2. HP: 27/27 MP: 2/4
    47 | Abyss:2  | Noticed a tentacled starspawn
    47 | D:1      | Escaped the Abyss
   297 | D:1      | Reached * piety under Lugonu
   604 | D:1      | Reached XP level 3. HP: 33/33 MP: 5/5
  1613 | D:2      | Found a shadowy altar of Dithmenos.
  1799 | D:2      | Reached skill level 3 in Axes
  2175 | D:3      | Reached XP level 4. HP: 40/40 MP: 6/6
  2449 | D:3      | Noticed DildoBatman's ghost (amateur FoEn)
  2630 | D:4      | Reached XP level 5. HP: 22/46 MP: 7/7
  2804 | D:4      | Found an ancient bone altar of Kikubaaqudgha.
  2804 | D:4      | Found a sacrificial altar of Ru.
  2804 | D:4      | Found a white marble altar of Elyvilon.
  3265 | D:4      | Found Momoh's Distillery.
  3276 | D:4      | Bought a potion of heal wounds for 50 gold pieces
  3276 | D:4      | Bought a potion of curing for 30 gold pieces
  3276 | D:4      | Bought a potion of mutation for 80 gold pieces
  3276 | D:4      | Gained mutation: Your body sometimes deteriorates upon taking damage. [potion of mutation]
  3276 | D:4      | Gained mutation: You possess an exceptional clarity of mind. [potion of mutation]
  3307 | D:4      | Lost mutation: You possess an exceptional clarity of mind. [potion of mutation]
  3307 | D:4      | Lost mutation: Your body sometimes deteriorates upon taking damage. [potion of mutation]
  3307 | D:4      | Gained mutation: You are partially covered in yellow scales. (AC +2) [potion of mutation]
  3307 | D:4      | Gained mutation: You are partially covered in icy blue scales. (AC +2) [potion of mutation]
  3307 | D:4      | Gained mutation: You are surrounded by a mild repulsion field. (EV +2) [potion of mutation]
  3392 | D:4      | Noticed a phantom
  3433 | D:4      | Killed a phantom
  3433 | D:4      | Reached ** piety under Lugonu
  3433 | D:4      | Reached XP level 6. HP: 40/52 MP: 8/8
  3661 | D:4      | Found a blossoming altar of Fedhas.
  3782 | D:5      | Entered Level 5 of the Dungeon
  3833 | D:5      | Noticed an ice beast
  3855 | D:5      | Killed an ice beast
  4325 | D:5      | Reached XP level 7. HP: 59/59 MP: 10/10
  4421 | D:5      | Reached skill level 4 in Axes
  5159 | D:3      | Found a glowing silver altar of Zin.
  5236 | D:3      | Found a snail-covered altar of Cheibriados.
  5674 | D:3      | Found a burning altar of Makhleb.
  5767 | D:3      | Killed DildoBatman's ghost
  6041 | D:6      | Reached XP level 8. HP: 50/67 MP: 11/11
  6138 | D:6      | Noticed Blork the orc
  6153 | D:6      | Killed Blork the orc
  6153 | D:6      | Reached skill level 5 in Axes
  6345 | D:6      | Got a jewelled scale mail
  6365 | D:6      | Identified the +3 scale mail of Absence {+Inv +Fly Str+4 Stlth+} (You found it on level 6 of the Dungeon)
  6367 | D:6      | Found a staircase to the Ecumenical Temple.
  6597 | D:6      | Reached *** piety under Lugonu
  6597 | D:6      | Reached skill level 5 in Invocations
  7136 | D:7      | Noticed BrokenGlass's ghost (novice VSAs)
  7174 | D:7      | Killed BrokenGlass's ghost
  7174 | D:7      | Reached skill level 6 in Axes
  7311 | D:7      | Noticed Pikel
  7363 | D:7      | Killed Pikel
  7363 | D:7      | Reached skill level 5 in Fighting
  7363 | D:7      | Reached skill level 5 in Armour
  7363 | D:7      | Reached XP level 9. HP: 35/74 MP: 13/13
  8035 | D:7      | Noticed Prince Ribbit
  9321 | D:8      | Reached skill level 7 in Axes
  9340 | D:8      | Noticed a two-headed ogre
  9347 | D:8      | Killed a two-headed ogre
  9347 | D:8      | Reached XP level 10. HP: 24/81 MP: 14/14
 10082 | D:8      | Reached **** piety under Lugonu
 10405 | D:8      | Noticed Maurice
 10423 | D:8      | Killed Maurice
 10948 | D:9      | Reached skill level 8 in Axes
 11166 | D:9      | Noticed a two-headed ogre
 11189 | D:10     | Entered Level 10 of the Dungeon
 11793 | D:9      | Found a deep blue altar of Sif Muna.
 11799 | D:9      | Found a bloodstained altar of Trog.
 11799 | D:9      | Found a basalt altar of Yredelemnul.
 11799 | D:9      | Found a sparkling altar of Nemelex Xobeh.
 12013 | D:9      | Found an ornate altar of the Wu Jian Council.
 12059 | D:9      | Killed a two-headed ogre
 12268 | D:10     | Lost mutation: You are surrounded by a mild repulsion field. (EV +2) [potion of mutation]
 12268 | D:10     | Lost mutation: You are partially covered in yellow scales. (AC +2) [potion of mutation]
 12268 | D:10     | Gained mutation: You are partially covered in iridescent scales. (AC +2) [potion of mutation]
 12268 | D:10     | Gained mutation: Your muscles are strong. (Str +2) [potion of mutation]
 12320 | D:10     | Noticed a two-headed ogre
 12328 | D:10     | HP: 4/84 [poisoned by a scorpion]
 12328 | D:10     | Slain by a two-headed ogre

Skill      XL: |  1  2  3  4  5  6  7  8  9 10 |
---------------+-------------------------------+-----
Axes           | 2 3 4 6 7 8 |  8.7
Throwing       | 2 |  2.4
Armour         | 2 3 4 5 6 7 |  7.2
Dodging        | 1 2 3 |  3.5
Stealth        | 1 |  1.3
Unarmed Combat | 2 |  2.1
Spellcasting   | 1 |  1.5
Invocations    | 3 4 5 6 7 |  7.5
Fighting       | 4 5 6 |  6.3
Shields        | |  0.1

Action                   |  1- 3 |  4- 6 |  7- 9 | 10-12 || total
-------------------------+-------+-------+-------+-------++-------
Melee: Hand axe          |    86 |   168 |   392 |       ||   646
       Kick              |    11 |    36 |   113 |    64 ||   224
       Punch             |       |     1 |     1 |     1 ||     3
       War axe           |       |       |    16 |   270 ||   286
Throw: Tomahawk          |       |     4 |       |       ||     4
Invok: Depart the Abyss  |     1 |       |       |       ||     1
       Bend Space        |       |       |     1 |       ||     1
  Use: Potion            |     1 |     2 |       |     1 ||     4
       Scroll            |     3 |     5 |     5 |       ||    13
  Eat: Chunk             |     2 |     7 |    10 |     2 ||    21
       Ration            |       |       |     1 |     4 ||     5
Armor: Leather armour    |    23 |       |       |       ||    23
       Scale mail        |    24 |    80 |   235 |   176 ||   515
Dodge: Dodged            |    30 |    66 |   244 |   162 ||   502
Block: Buckler           |       |       |       |    10 ||    10
